AoeStats
← impossible

African Clearing

510464606Analyzed
4v4 RM · 3d ago on Oct 1, 2026· 25m 28s· 8 players
Game mode
Random Map
Map size
Large (8 player)
Population
200
Speed
Normal
Resources
Standard
Victory
Conquest
Starting age
Dark Age
Ending age
Imperial Age
RankedLock teamsTeams togetherTeam positionsShared explorationLock speedFull tech treeHidden civsTurbo modeCheats
Victory
Defeat
🇦🇷 Italians · Argentina
1402
+8
🇺🇾 Berbers · Uruguay
1219
+15
🇦🇷 Chinese · Argentina
1164
+19
1149
+18
🇨🇴 Bohemians · Colombia
1226
-16
🇨🇳 Danes · China
1207
-21
🇷🇺 Magyars · Russia
1200
-15
🇺🇸 Wei · United States
1188
-14
JustOutOfRange
6:35 Loom
14:29 Feudal Age
16:04 Fletching
17:46 Double-Bit Axe
18:09 Fishing Lines
19:21 Horse Collar
根本赢不了
13:28 Feudal Age
14:23 Man-at-Arms
Gompachiro
14:43 Feudal Age
14:05 Loom
18:18 Castle Age
16:27 Double-Bit Axe
16:56 Fishing Lines
18:17 Horse Collar
21:52 Fletching
impossible
5:38 Loom
14:32 Feudal Age
19:56 Castle Age
19:17 Double-Bit Axe
20:40 Fletching
24:17 Husbandry
26:05 Wheelbarrow
Dino_Mate
9:34 Loom
11:56 Feudal Age
11:59 Man-at-Arms
12:33 Double-Bit Axe
15:19 Fletching
22:58 Castle Age
21:57 Padded Archer Armor
23:11 Crossbowman
23:50 Bodkin Arrow
24:46 Padded Archer Armor
25:18 Ballistics
25:42 Leather Archer Armor
BoxStars
3:08 Loom
12:47 Feudal Age
17:29 Castle Age
15:58 Double-Bit Axe
18:08 Fletching
18:24 Padded Archer Armor
19:39 Horse Collar
20:30 Thumb Ring
20:09 Crossbowman
22:57 Heavy Plow
23:15 Bow Saw
26:09 Ballistics
20 лет в аркаде
4:30 Loom
14:50 Feudal Age
19:42 Castle Age
18:26 Double-Bit Axe
19:46 Gold Mining
20:43 Bloodlines
22:03 Scale Barding Armor
23:10 Horse Collar
25:04 Husbandry
25:44 Forging
[SotC] Tupamaro
5:37 Loom
14:05 Feudal Age
17:48 Castle Age
16:32 Double-Bit Axe
16:28 Horse Collar
17:35 Gold Mining
18:20 Scale Barding Armor
18:25 Forging
19:14 Husbandry
21:44 Town Watch
23:04 Bloodlines
23:21 Bloodlines
Connection lost

Rejoining the realm…

Still unreachable

The connection could not be restored.

Session expired

The server has moved on; the page needs a fresh start.